 Dungeon Crawl Stone Soup version 0.26.0-10-g1f06aea511 (webtiles) character file.

Game seed: 8685558346578801643

6793 Borgoz the Carver (level 11, 0/79 HPs)
             Began as a Ghoul Gladiator on Jan 30, 2021.
             Was a Follower of Ashenzari.
             Slain by a shadow (29 damage)
             ... on level 11 of the Dungeon.
             The game lasted 00:18:13 (10099 turns).

Borgoz the Carver (Ghoul Gladiator)                Turns: 10099, Time: 00:18:14

Health: 0/79       AC: 19    Str: 19    XL:     11   Next: 5%
Magic:  10/10      EV: 17    Int:  3    God:    Ashenzari [*.....]
Gold:   709        SH:  5    Dex: 19    Spells: 10/10 levels left

rFire    + . .     SeeInvis .   a - +1 long sword
rCold    + . .     Faith    .   (no shield)
rNeg     + + +     Spirit   .   u - +1 ring mail {rF+}
rPois    ∞         Reflect  +   h - +2 helmet
rElec    .         Harm     .   n - +2 cloak {rPois}
rCorr    .         Rampage  .   i - +0 pair of gloves (curse)
Will     .....                  (no boots)
Stlth    +.........             q - amulet of reflection
HPRegen  0.00/turn              m - +4 ring of protection
MPRegen  0.12/turn              w - +6 ring of dexterity

@: no status effects
A: claws 1, cold resistance 1, negative energy resistance 3, inhibited
regeneration, torment resistance, unbreathing
a: Renounce Religion, Curse Item, Scrying


You were on level 11 of the Dungeon.
You worshipped Ashenzari.
Ashenzari was aware of your devotion.
You visited 2 branches of the dungeon, and saw 12 of its levels.

You collected 735 gold pieces.
You spent 26 gold pieces at shops.

Inventory:

Hand Weapons
 a - a +1 long sword (weapon)
 k - the cursed +1 battleaxe of Iconoclasm {freeze, MP+9}
   (You found it on level 6 of the Dungeon)

   It has been specially enchanted to freeze those struck by it, causing extra
   injury to most foes and up to half again as much damage against particularly
   susceptible opponents.
   It can also slow down cold-blooded creatures.
   It affects your magic capacity (+9).
   It has a curse placed upon it.
Armour
 h - a +2 helmet (worn)
 i - a cursed +0 pair of gloves (worn)
 n - a +2 cloak of poison resistance (worn)
 u - a +1 ring mail of fire resistance (worn)
Jewellery
 f - a +6 ring of intelligence
 m - a +4 ring of protection (left hand)
 q - an amulet of reflection (around neck)
 t - an uncursed ring of resist corrosion
 v - an uncursed ring of fire
 w - a +6 ring of dexterity (right hand)
Wands
 B - a wand of iceblast (8)
 D - a wand of flame (16)
Scrolls
 c - a scroll of identify
 e - 3 scrolls of teleportation
 l - 2 scrolls of remove curse
 s - 4 scrolls of fog
 y - a scroll of fear
 z - a scroll of enchant weapon
 A - a scroll of vulnerability {unknown}
 C - a scroll of magic mapping
Potions
 b - a potion of invisibility
 d - 2 potions of flight
 g - 3 potions of resistance
 j - 4 potions of haste
 o - 2 potions of cancellation
 p - 2 potions of ambrosia
 r - 2 potions of attraction
 x - 2 potions of might


   Skills:
 - Level 2.1 Fighting
 * Level 11.0 Long Blades
 - Level 1.7 Throwing
 + Level 7.5 Armour
 + Level 8.1 Dodging


You had 10 spell levels left.
You didn't know any spells.
Your spell library contained the following spells:

 Spells                   Type           Power        Failure   Level
 Animate Skeleton         Necr           0%           69%         1
 Pain                     Necr           0%           69%         1
 Vampiric Draining        Necr           0%           96%         3
 Animate Dead             Necr           0%           100%        4
 Cause Fear               Hex            0%           100%        4
 Agony                    Necr           0%           100%        5
 Silence                  Hex/Air        0%           100%        5
 Yara's Violent Unravell  Hex/Tmut       0%           100%        5
 Discord                  Hex            0%           100%        8


Dungeon Overview and Level Annotations

Branches:
Dungeon (11/15)            Temple (1/1) D:4            Lair (0/6) D:9
    Orc (0/2) D:11

Altars:
Ashenzari
Cheibriados
Dithmenos
Elyvilon
Fedhas
Gozag
Hepliaklqana
Kikubaaqudgha
Makhleb
Nemelex Xobeh
Okawaru
Qazlal
Ru
Sif Muna
Trog
Uskayaw
Vehumet
Wu Jian
Xom
Yredelemnul
Zin
The Shining One

Shops:
D:7 *   D:8 (   D:10 [

Annotations:
D:7 2 runed translucent doors, exclusion: orange crystal statue


Innate Abilities, Weirdness & Mutations

You thrive by killing the living.
You are immune to poison.
You have sharp fingernails.
Your flesh is cold resistant. (rC+)
You are immune to negative energy. (rN+++)
You do not regenerate when monsters are visible.
You are immune to unholy pain and torment.
You can survive without breathing.


Message History

You barely miss the goblin zombie. The orc zombie misses you.
You hit the shadow but do no damage.
The shadow is heavily damaged.
The shadow strikes at you from the darkness!
Reactivating autopickup.
The shadow barely misses you. The goblin zombie closely misses you.
You riposte.
You hit the goblin zombie.
The goblin zombie is lightly damaged.
You are too injured to fight recklessly!
You are too injured to fight recklessly!
You are too injured to fight recklessly!
The shadow slips into darkness.
The shadow flickers and vanishes!
Deactivating autopickup; reactivate with Ctrl-A.
The shadow slips into darkness.
The shadow flickers and vanishes!
There is a stone staircase leading up here.
Okay, then.
The shadow strikes at you from the darkness!
You die...

≈≈≈.≈≈≈≈≈≈≈≈≈≈≈
≈≈≈.≈≈≈≈≈≈≈≈≈≈≈≈
≈≈≈.≈≈≈≈≈≈≈≈≈≈≈≈≈
≈≈≈.≈≈≈≈≈≈≈≈≈≈≈≈≈
....≈...≈≈≈≈≈≈≈≈≈
≈≈≈(≈.≈.≈≈≈≈≈≈≈≈
..............#
#.@).....# #.
#.{...?#####...
##.{Z..#$.....8
#.#..Z#....Z..
#.#..Z#/Z.(...
#.#.ZZ.Z......
#.#....8.....>
..#.......?...
###...#.......


You could see 2 goblin zombies, 3 orc zombies and an orc skeleton.

Vanquished Creatures
  A two-headed ogre (D:10)
  Pikel (D:5)
  A gargoyle (D:10)
  Grinder (D:3)
  Sigmund (D:2)
  5 yaks (D:8)
  Duvessa (D:7)
  3 ice beasts
  A sky beast (D:6)
  An orc warrior (D:9)
  A black bear (D:6)
  4 centaurs
  4 phantoms
  5 ogres
  A big kobold (D:10)
  5 bullfrogs
  Dowan (D:7)
  A scorpion (D:4)
  4 killer bees (D:10)
  5 wights
  A howler monkey (D:5)
  A jelly (D:6)
  2 orc priests
  A bullfrog zombie (D:10)
  2 centaur zombies
  7 hounds
  Crazy Yiuf (D:2)
  4 bullfrog skeletons
  Jessica (D:2)
  2 centaur skeletons
  10 orc wizards
  6 worker ants
  An iguana (D:8)
  3 ogre zombies (D:11)
  2 hound zombies
  A gnoll (D:1)
  A howler monkey skeleton (D:4)
  14 adders
  A shadow imp (D:6)
  3 white imps
  An ufetubus (D:6)
  An ooze (D:5)
  4 worms
  4 dart slugs
  6 leopard geckos
  18 orcs
  6 bats
  7 giant cockroaches
  4 goblins
  7 hobgoblins
  21 jackals
  5 quokkas
  A ball python (D:3)
  3 frilled lizards
  A goblin zombie (D:11)
  A hobgoblin zombie (D:11)
  12 kobolds
  A leopard gecko skeleton (D:4)
  2 orc skeletons (D:11)
  4 orc zombies (D:11)
  9 rats
229 creatures vanquished.

Notes
Turn   | Place    | Note
-------+----------+-------------------------------------------
     0 | D:1      | Borgoz the Ghoul Gladiator began the quest for the Orb.
     0 | D:1      | Reached XP level 1. HP: 17/17 MP: 0/0
    14 | D:1      | Reached skill level 3 in Long Blades
    14 | D:1      | Reached XP level 2. HP: 8/24 MP: 1/1
   655 | D:1      | Reached XP level 3. HP: 29/29 MP: 2/2
   660 | D:1      | Reached skill level 1 in Armour
  1344 | D:2      | Noticed Sigmund
  1354 | D:2      | Killed Sigmund
  1355 | D:2      | Reached skill level 4 in Long Blades
  1355 | D:2      | Reached XP level 4. HP: 31/36 MP: 3/3
  1355 | D:2      | Reached XP level 5. HP: 35/41 MP: 4/4
  1525 | D:2      | Reached XP level 6. HP: 48/48 MP: 5/5
  1747 | D:2      | Noticed Jessica
  1751 | D:2      | Killed Jessica
  1800 | D:2      | Found a basalt altar of Yredelemnul.
  1939 | D:2      | Found a runed translucent door.
  1940 | D:2      | Noticed Crazy Yiuf
  2126 | D:2      | Killed Crazy Yiuf
  2285 | D:3      | Found a snail-covered altar of Cheibriados.
  2494 | D:3      | Reached skill level 5 in Long Blades
  2871 | D:3      | Reached XP level 7. HP: 55/55 MP: 6/6
  3067 | D:3      | Noticed Grinder
  3068 | D:3      | Paralysed by Grinder for 7 turns
  3082 | D:3      | Paralysed by Grinder for 4 turns
  3089 | D:3      | Paralysed by Grinder for 3 turns
  3097 | D:3      | Paralysed by Grinder for 5 turns
  3105 | D:3      | Paralysed by Grinder for 3 turns
  3109 | D:3      | Killed Grinder
  3283 | D:4      | Found a bloodstained altar of Trog.
  3319 | D:4      | Found a staircase to the Ecumenical Temple.
  3332 | D:4      | Reached skill level 6 in Long Blades
  3366 | Temple   | Entered the Ecumenical Temple
  3547 | Temple   | Became a worshipper of Ashenzari the Shackled
  3635 | D:4      | Reached XP level 8. HP: 29/61 MP: 7/7
  4080 | D:5      | Entered Level 5 of the Dungeon
  4092 | D:5      | Reached skill level 5 in Dodging
  4307 | D:5      | Noticed Pikel
  4344 | D:5      | Killed Pikel
  4345 | D:5      | Reached skill level 7 in Long Blades
  4626 | D:5      | Reached XP level 9. HP: 60/67 MP: 8/8
  4742 | D:5      | Reached skill level 5 in Armour
  4762 | D:5      | Reached skill level 8 in Long Blades
  5094 | D:5      | Found a hide-covered altar of Uskayaw.
  5105 | D:5      | Found an ancient bone altar of Kikubaaqudgha.
  5311 | D:6      | Found a stormy altar of Qazlal.
  5370 | D:6      | Found a large runed translucent door.
  5370 | D:6      | Found a large runed translucent door.
  5381 | D:6      | Found a large runed translucent door.
  5381 | D:6      | Found a large runed translucent door.
  5735 | D:6      | Reached skill level 9 in Long Blades
  6021 | D:6      | Got the cursed battleaxe of Iconoclasm {freeze, MP+9}
  6772 | D:7      | Found Kaecir's General Store.
  6897 | D:7      | Bought a scroll of identify for 26 gold pieces
  6931 | D:7      | Found a runed translucent door.
  6970 | D:7      | Identified the cursed +1 battleaxe of Iconoclasm {freeze,
                  | MP+9} (You found it on level 6 of the Dungeon)
  6977 | D:7      | Noticed an orange crystal statue
  6980 | D:7      | Found the +10 tower shield of Ignorance {rN+ Int-4}
  6988 | D:7      | Noticed Dowan
  6988 | D:7      | Noticed Duvessa
  6990 | D:7      | Found a runed translucent door.
  6993 | D:7      | Killed Dowan
  6994 | D:7      | Reached XP level 10. HP: 62/73 MP: 9/9
  7012 | D:7      | Killed Duvessa
  7412 | D:8      | Found a shimmering altar of Xom.
  7704 | D:8      | Found Fempor's Antique Weapon Shop.
  7744 | D:8      | Reached * piety under Ashenzari
  7766 | D:8      | Found an ornate altar of the Wu Jian Council.
  7826 | D:7      | Found an ornate altar of the Wu Jian Council.
  7909 | D:8      | Reached skill level 10 in Long Blades
  8100 | D:9      | Found a hazy altar of Hepliaklqana.
  8104 | D:9      | Found a glowing golden altar of the Shining One.
  8107 | D:9      | Found a white marble altar of Elyvilon.
  8107 | D:9      | Found a burning altar of Makhleb.
  8110 | D:9      | Found a snail-covered altar of Cheibriados.
  8111 | D:9      | Found a sacrificial altar of Ru.
  8314 | D:9      | Found an opulent altar of Gozag.
  8440 | D:9      | Found a staircase to the Lair.
  8495 | D:10     | Entered Level 10 of the Dungeon
  8827 | D:10     | Noticed a two-headed ogre
  8829 | D:10     | Found Astrimar's Specialty Armours.
  8835 | D:10     | Killed a two-headed ogre
  9207 | D:10     | Noticed a gargoyle
  9220 | D:10     | Killed a gargoyle
  9575 | D:10     | Reached XP level 11. HP: 72/79 MP: 10/10
 10022 | D:10     | Reached skill level 11 in Long Blades
 10071 | D:11     | Found a staircase to the Orcish Mines.
 10099 | D:11     | Slain by a shadow

Illustrated notes

Levels and vault maps discovered:
D:1:      dpeg_arrival_central, layout_basic
D:2:      layout_loops_corners, general_overflow_altar, uniq_sigmund,
          uniq_crazy_yiuf_cottage, uniq_jessica
D:3:      layout_basic, kennysheep_slug_shrine, uniq_grinder
D:4:      cheibrodos_quashed, layout_basic, lightli_temple_of_fire,
          minmay_temple_entry_nine_rooms
D:5:      layout_basic, amethyst_overflow_temple_binary, uniq_pikel
D:6:      layout_cave_pools, overflow_temple_1_default,
          minmay_hollow_rounded_squares
D:7:      lemuel_upstairs_altar, layout_rooms, serial_shops, nicolae_shop_trees,
          chequers_guarded_unrand_ignorance, uniq_duvessa
D:8:      layout_basic, pdpol_wu_jian_five_deadly_venoms, basic_altar,
          serial_shops, nicolae_shop_waterfront, serial_glass, glass_columns_b,
          glass_columns_b, glass_columns_a, glass_columns_c, glass_columns_c,
          glass_columns_a, glass_columns_c, glass_columns_c,
          minmay_strange_pillars, feat_on_display
D:9:      layout_rooms, grunt_temple_overflow_open,
          nicolae_gozag_cash_rules_everything_around_me
D:10:     layout_long_grid, nicolae_barding_shop
D:11:     layout_basic, zombieorc2_lemuel, grunt_potential
Temple:   compressed_dpeg_triangle_lava_temple

Skill      XL: |  1  2  3  4  5  6  7  8  9 10 11 |
---------------+----------------------------------+-----
Long Blades    | 3 4 5 6 7 9 10 11 | 11.0
Dodging        | 3 4 5 6 8 |  8.1
Armour         | 2 3 4 6 7 |  7.5
Fighting       | |  2.1
Throwing       | |  1.7

Action                   |  1- 3 |  4- 6 |  7- 9 | 10-12 || total
-------------------------+-------+-------+-------+-------++-------
Melee: Long sword        |   113 |   157 |   534 |   342 ||  1146
Throw: Throwing net      |     3 |     1 |     1 |       ||     5
Evoke: Wand              |       |       |       |    10 ||    10
  Use: Scroll            |     6 |     4 |     9 |     7 ||    26
       Potion            |     1 |     1 |     6 |     2 ||    10
 Stab: Held in net/web   |       |     1 |     2 |       ||     3
Armor: Leather armour    |    50 |    86 |   294 |       ||   430
       Ring mail         |       |       |     2 |   110 ||   112
Dodge: Dodged            |    86 |   102 |   489 |   223 ||   900
Block: Other             |       |       |    72 |    67 ||   139
       Reflection        |       |       |       |     1 ||     1
       Rpst.: Long sword |    24 |    26 |   150 |    62 ||   262
